[Event "*** Titled Tuesday Blitz"]
[Site "Chess.com"]
[Date "2020.12.29"]
[Round "5"]
[White "A-S-00"]
[Black "ZatonskihAnna"]
[Result "1/2-1/2"]
[WhiteElo "2282"]
[BlackElo "2477"]
[TimeControl "180+1"]
[EndTime "10:51:00 PST"]
[Termination "Game drawn by repetition"]

1. d4 d5 2. Nf3 Nf6 3. c4 e6 4. g3 dxc4 5. Bg2 c5 6. O-O Nc6 7. Ne5 Bd7 8. Na3 cxd4 9. Naxc4 Be7 10. b3 O-O 11. Bb2 Bc5 12. Nd3 Be7 13. Nde5 Bc5 14. Nd3 Be7 15. Nde5 1/2-1/2

[Event "*** Titled Tuesday Blitz"]
[Site "Chess.com"]
[Date "2020.12.29"]
[Round "5"]
[White "PlotnikovPavel"]
[Black "Chuchofrio1"]
[Result "1-0"]
[WhiteElo "2440"]
[BlackElo "2271"]
[TimeControl "180+1"]
[EndTime "10:51:05 PST"]
[Termination "PlotnikovPavel won by resignation"]

1. e4 c5 2. c3 d5 3. exd5 Qxd5 4. d4 Nc6 5. Nf3 Nf6 6. Be2 Bg4 7. c4 Qh5 8. d5 Nb8 9. h3 Bxf3 10. Bxf3 Qe5+ 11.
Be3 Qxb2 12. Nd2 Qa3 13. O-O Nbd7 14. Nb3 g6 15. d6 e5 16. Bxb7 Rb8 17. Bc6 Rb6 18.
Bxc5 Qb2 19. Bxb6 axb6 20. c5 bxc5 21. Nxc5 Bg7 22. Qa4 1-0

[Event "*** Titled Tuesday Blitz"]
[Site "Chess.com"]
[Date "2020.12.29"]
[Round "5"]
[White "penguingm1"]
[Black "Alonmindlin"]
[Result "1-0"]
[WhiteElo "2941"]
[BlackElo "2705"]
[TimeControl "180+1"]
[EndTime "10:51:12 PST"]
[Termination "penguingm1 won by resignation"]

1. d4 Nf6 2. c4 e6 3. Nc3 Bb4 4. Qc2 Nc6 5. Nf3 d6 6. Bd2 Qe7 7. a3 Bxc3 8. Bxc3 a5 9. e3 O-O 10. Bd3 e5 11. d5 Nb8 12. O-O b6 13. Rae1 Na6 14. b4 axb4 15. axb4 Bg4 16. Nd2 Nb8 17. f4 Nbd7 18. h3 Bh5 19. g4 Bxg4 20. hxg4 Nxg4 21. Bxh7+ Kh8 22. Bf5 Qh4 23. Nf3 Qh5 24. Bxd7 1-0

[Event "*** Titled Tuesday Blitz"]
[Site "Chess.com"]
[Date "2020.12.29"]
[Round "5"]
[White "sokidze"]
[Black "Nafania1"]
[Result "0-1"]
[WhiteElo "2536"]
[BlackElo "2399"]
[TimeControl "180+1"]
[EndTime "10:51:13 PST"]
[Termination "Nafania1 won by resignation"]

1. d4 Nf6 2. g3 d5 3. Nf3 e6 4. Bg2 Be7 5. c4 O-O 6. Qc2 c5 7. O-O cxd4 8. Nxd4 e5 9. Nb3 d4 10. Rd1 Nc6 11. Nc3 Nb4 12. Qb1 dxc3 13. Rxd8 c2 14. Rxf8+ Bxf8 0-1

[Event "*** Titled Tuesday Blitz"]
[Site "Chess.com"]
[Date "2020.12.29"]
[Round "5"]
[White "rasmussvane"]
[Black "Heineccius"]
[Result "1-0"]
[WhiteElo "2877"]
[BlackElo "2581"]
[TimeControl "180+1"]
[EndTime "10:51:24 PST"]
[Termination "rasmussvane won by resignation"]

1. Nf3 Nf6 2. g3 e6 3. Bg2 d5 4. O-O Be7 5. c4 O-O 6. b3 d4 7. e3 Nc6 8. exd4 Nxd4 9. Bb2 Bc5 10. Ne5 c6 11. Nc3 Nf5 12. Nf3 Qe7 13. Ne2 Rd8 14. d4 Ba3 15. Bxa3 Qxa3 16. Qc2 Bd7 17. Rad1 a5 18. Rb1 Be8 19. Rfd1 a4 20. b4 1-0

[Event "*** Titled Tuesday Blitz"]
[Site "Chess.com"]
[Date "2020.12.29"]
[Round "5"]
[White "Pertinhez76"]
[Black "Region_07"]
[Result "0-1"]
[WhiteElo "2120"]
[BlackElo "2476"]
[TimeControl "180+1"]
[EndTime "10:51:26 PST"]
[Termination "Region_07 won by resignation"]

1. d4 d5 2. Nf3 Nc6 3. Bf4 Bg4 4. e3 e6 5. a3 Bd6 6. Bg3 Nf6 7. Bd3 O-O 8. Nbd2 Re8 9. h3 Bh5 10. Bh4 e5 11. g4 Bg6 12. Bxg6 hxg6 13. dxe5 Nxe5 14.
Nxe5 Bxe5 15. c3 d4 16. cxd4 Bxd4 17. Nc4 Qd5 18. Bxf6 Qxh1+ 19. Ke2 Qxd1+ 20. Rxd1 Bxf6 21. Rd7 Rad8 22. Rxc7 Rc8 23. Rxc8 Rxc8 24. Nd6 Rc2+ 25. Kd3 Rxb2 26. f4 Rb3+ 27. Ke4 Rxa3 28. Nxb7 a5 29. g5 Be7 0-1

[Event "*** Titled Tuesday Blitz"]
[Site "Chess.com"]
[Date "2020.12.29"]
[Round "5"]
[White "Zemerovv"]
[Black "Snowflake"]
[Result "0-1"]
[WhiteElo "2171"]
[BlackElo "2436"]
[TimeControl "180+1"]
[EndTime "10:51:31 PST"]
[Termination "Snowflake won by resignation"]

1. Nf3 b6 2. c4 Bb7 3. Nc3 f5 4. g3 g6 5. Bg2 Bg7 6. O-O Nf6 7. d3 O-O 8. Bg5 h6 9. Bd2 a5 10. Re1 d6 11. Qc1 g5 12. e4 fxe4 13. dxe4 e5 14. Nd5 Nc6 15. Bc3 Kh8 16. h4 g4 17.
Nh2 Qd7 18. Ne3 Nd4 19. Bxd4 exd4 20. Nf5 Bxe4 21. Bxe4 Nxe4 22. Nxg7 Nxf2 23. Qxh6+ Kg8 24. Nh5 Nh3+ 25. Kh1 Qc6+ 0-1

[Event "*** Titled Tuesday Blitz"]
[Site "Chess.com"]
[Date "2020.12.29"]
[Round "5"]
[White "akanga001"]
[Black "JoAttack"]
[Result "1-0"]
[WhiteElo "1953"]
[BlackElo "2189"]
[TimeControl "180+1"]
[EndTime "10:51:37 PST"]
[Termination "akanga001 won by resignation"]

1. d4 Nf6 2. c4 g6 3. Nc3 Bg7 4. Nf3 O-O 5. Bg5 d6 6. e3 h6 7. Bh4 c6 8. Be2 Nbd7 9. Qc2 Re8 10. O-O Qa5 11. Rab1 e5 12. b4 Qc7 13. b5 e4 14. Nd2 d5 15. bxc6 bxc6 16. cxd5 cxd5 17. Rfc1 g5 18. Bg3 Qd8 19. Nb5 Ba6 20. Nb3 Bxb5 21. Bxb5 Qe7 22. Nc5 Rec8 23. Ba6 Re8 24. Bb7 Nxc5 25.
dxc5 Rad8 26. c6 Nh5 27. c7 Rc8 28. Bxc8 Rxc8 29. Rb8 Qd7 30. Rxc8+ Qxc8 31. Rb1 1-0

[Event "*** Titled Tuesday Blitz"]
[Site "Chess.com"]
[Date "2020.12.29"]
[Round "5"]
[White "1g41-0"]
[Black "exoticprincess"]
[Result "0-1"]
[WhiteElo "2617"]
[BlackElo "2891"]
[TimeControl "180+1"]
[EndTime "10:51:40 PST"]
[Termination "exoticprincess won by resignation"]

1. d4 d5 2. c4 c6 3. cxd5 cxd5 4.
Nc3 Nf6 5. Bf4 Nc6 6. Rc1 a6 7. Nf3 Bf5 8. Ne5 Rc8 9. Qb3 Na5 10. Qd1 e6 11. e3 Be7 12. b4 O-O 13. a3 Nc6 14.
Bd3 Nxb4 15. axb4 Bxb4 16. Bxf5 Rxc3 0-1

[Event "*** Titled Tuesday Blitz"]
[Site "Chess.com"]
[Date "2020.12.29"]
[Round "5"]
[White "TheKingDoctor"]
[Black "eightbyeightchess"]
[Result "0-1"]
[WhiteElo "2204"]
[BlackElo "2375"]
[TimeControl "180+1"]
[EndTime "10:51:45 PST"]
[Termination "eightbyeightchess won by checkmate"]

1. e4 e6 2. d4 d5 3. exd5 exd5 4. c4 Nf6 5. Nc3 Nc6 6. Nf3 Bb4 7. Bd3 dxc4 8. Bxc4 O-O 9. O-O Bg4 10. Be3 Re8 11. Be2 Nd5 12. Nxd5 Qxd5 13. a3 Bd6 14. h3 Bh5 15. Rc1 Bg6 16. Bc4 Qe4 17. Ng5 Qf5 18. Nf3 Bh5 19. Be2 Rad8 20. g4 Bxg4 21. hxg4 Qxg4+ 22. Kh1 Qh3+ 23. Kg1 Re6 24. Ne5 Bxe5 25. Bf3 Qh2# 0-1

[Event "*** Titled Tuesday Blitz"]
[Site "Chess.com"]
[Date "2020.12.29"]
[Round "5"]
[White "Airquake"]
[Black "supertfc"]
[Result "1-0"]
[WhiteElo "2565"]
[BlackElo "2388"]
[TimeControl "180+1"]
[EndTime "10:52:11 PST"]
[Termination "Airquake won by resignation"]

1. e4 e5 2. Nf3 Nc6 3. Bb5 a6 4. Ba4 Nf6 5. d3 d6 6. c3 g6 7. O-O Bg7 8. Nbd2 O-O 9. h3 Nd7 10. Bc2 h6 11. Nc4 Qe8 12. d4 Kh8 13. Re1 f5 14. exf5 gxf5 15. dxe5 dxe5 16. Nfxe5 Ndxe5 17. Nxe5 Nxe5 18. Bf4 Qb5 19. a4 Qc5 20. Qh5 Kh7 21. Rxe5 Bxe5 22. Qxh6+ Kg8 23. Bb3+ Rf7 24. Qg6+ Kh8 25.
Qxf7 1-0

[Event "*** Titled Tuesday Blitz"]
[Site "Chess.com"]
[Date "2020.12.29"]
[Round "5"]
[White "ljuks68"]
[Black "natelleka"]
[Result "1-0"]
[WhiteElo "2376"]
[BlackElo "2207"]
[TimeControl "180+1"]
[EndTime "10:52:13 PST"]
[Termination "ljuks68 won by checkmate"]

1. e4 e5 2. Nf3 Nf6 3. Nxe5 Nxe4 4. Qe2 Qe7 5. Qxe4 d6 6. f4 dxe5 7. fxe5 Nc6 8. d4 f6 9. Nc3 fxe5 10. Nd5 Qf7 11. Bc4 Be6 12. Rf1 Qd7 13. Nxc7+ Qxc7 14. Bxe6 Nxd4 15. Bf7+ Kd8 16. c3 Bb4 17. Bg5+ Kc8 18.
cxb4 Nc2+ 19. Ke2 Nxa1 20. Rc1 Qxc1 21. Bxc1 Rf8 22. Be6+ Kc7 23. Qxe5+ Kb6 24. Be3+ Kc6 25. Qc5# 1-0

[Event "*** Titled Tuesday Blitz"]
[Site "Chess.com"]
[Date "2020.12.29"]
[Round "5"]
[White "MelihKaanCan"]
[Black "viktorko131"]
[Result "1-0"]
[WhiteElo "2326"]
[BlackElo "2084"]
[TimeControl "180+1"]
[EndTime "10:52:14 PST"]
[Termination "MelihKaanCan won on time"]

1. e4 c5 2. Nf3 d6 3. c3 Nf6 4. h3 Nc6 5. Bd3 g6 6. Bc2 Bg7 7. O-O O-O 8. d4 cxd4 9. cxd4 Nb4 10.
Bb3 Bd7 11. Nc3 a5 12. a3 Nc6 13. e5 Ne8 14. Bf4 dxe5 15. dxe5 Nc7 16. Re1 Be6 17.
Bc2 h6 18. Qe2 Kh7 19. Rad1 Qc8 20. h4 Rd8 21. h5 1-0

[Event "*** Titled Tuesday Blitz"]
[Site "Chess.com"]
[Date "2020.12.29"]
[Round "5"]
[White "MikeSailer"]
[Black "krzyzan94"]
[Result "0-1"]
[WhiteElo "2161"]
[BlackElo "2647"]
[TimeControl "180+1"]
[EndTime "10:52:20 PST"]
[Termination "krzyzan94 won on time"]

1. d4 Nf6 2. Nf3 g6 3. Bf4 Bg7 4. e3 O-O 5. Be2 d6 6. O-O Nbd7 7. c4 h6 8. h3 Qe8 9. Nc3 e5 10. Bh2 Qe7 11. a3 a5 12. Re1 Re8 13. b4 b6 14.
Nb5 e4 15. Nd2 Nf8 0-1

[Event "*** Titled Tuesday Blitz"]
[Site "Chess.com"]
[Date "2020.12.29"]
[Round "5"]
[White "GM4life"]
[Black "dozer80"]
[Result "1-0"]
[WhiteElo "2437"]
[BlackElo "2602"]
[TimeControl "180+1"]
[EndTime "10:52:24 PST"]
[Termination "GM4life won by resignation"]

1. e4 c5 2. Nf3 Nc6 3. d4 cxd4 4. Nxd4 Nf6 5. Nc3 d6 6. Bg5 Bd7 7. Qd2 a6 8. Bxf6 gxf6 9. Be2 h5 10. Nf5 Bxf5 11. exf5 h4 12. O-O-O Rc8 13. Kb1 Bh6 14.
f4 Rg8 15. Bf3 Qd7 16. g4 Ne5 17. Be2 h3 18. Rhg1 Nc4 19. Qd4 Qc6 20. Nd5 Na3+ 21. bxa3 Qxc2+ 22. Ka1 Qxe2 23. Rge1 Qxh2 24. Rxe7+ Kf8 25.
Rxf7+ 1-0

[Event "*** Titled Tuesday Blitz"]
[Site "Chess.com"]
[Date "2020.12.29"]
[Round "5"]
[White "tylityli"]
[Black "Iskusnyh"]
[Result "0-1"]
[WhiteElo "2360"]
[BlackElo "2569"]
[TimeControl "180+1"]
[EndTime "10:52:25 PST"]
[Termination "Iskusnyh won by resignation"]

1. d4 d5 2. c4 c6 3. cxd5 cxd5 4. Bf4 e6 5. e3 Bd6 6. Bxd6 Qxd6 7. Nc3 Nc6 8. f4 Nge7 9. Nf3 O-O 10. Bd3 f6 11. O-O Bd7 12. Rc1 Be8 13. a3 Bg6 14. b4 Bxd3 15.
Qxd3 Rac8 16. Nb5 Qd7 17. Rc5 a6 18. Nc3 b6 19. Rxc6 Rxc6 20. Ne2 Nf5 21. g4 Nd6 22. Qxa6 b5 23. Qa5 Qb7 24. a4 Ra6 0-1

[Event "*** Titled Tuesday Blitz"]
[Site "Chess.com"]
[Date "2020.12.29"]
[Round "5"]
[White "TheCairnTerrier"]
[Black "IrishMonkey"]
[Result "0-1"]
[WhiteElo "2089"]
[BlackElo "2626"]
[TimeControl "180+1"]
[EndTime "10:52:28 PST"]
[Termination "IrishMonkey won by resignation"]

1. e4 c5 2. Nf3 d6 3. Bb5+ Bd7 4. Bxd7+ Qxd7 5. c4 Nc6 6. O-O g6 7. d4 cxd4 8. Nxd4 Bg7 9. Ne2 f5 10. exf5 Nf6 11. c5 dxc5 12. Qxd7+ Nxd7 13. fxg6 Nd4 14. Nxd4 Bxd4 15. gxh7 Rxh7 16. Nc3 Rh5 17. Be3 Rd8 18. Nb5 Bxb2 19. Rab1 Bf6 20. Nc7+ Kf7 21. Rxb7 c4 22. Nb5 a6 23. Nd6+ exd6 24. Bb6 Rb5 25. Bxd8 Rxb7 26. Ba5 c3 27. g4 c2 28. f4 Rb1 29. Bd2 Bb2 30. Kf2 Nc5 31. Ke3 0-1

[Event "*** Titled Tuesday Blitz"]
[Site "Chess.com"]
[Date "2020.12.29"]
[Round "5"]
[White "Chernobay_Artem"]
[Black "1f3_2g41-0"]
[Result "1-0"]
[WhiteElo "2642"]
[BlackElo "2427"]
[TimeControl "180+1"]
[EndTime "10:52:31 PST"]
[Termination "Chernobay_Artem won by resignation"]

1. d4 Nf6 2. c4 g6 3. Nc3 d5 4. cxd5 Nxd5 5. e4 Nxc3 6. bxc3 Bg7 7. Bc4 O-O 8. Ne2 c5 9. O-O Nc6 10. Be3 e5 11. dxc5 Qc7 12. Bd5 Rd8 13. c4 Na5 14.
Qc2 Kh8 15. Rab1 f5 16. Nc3 f4 17. Nb5 Qe7 18. Nd6 Be6 19. Bd2 b6 20. Bxa5 Bxd5 21.
cxd5 bxa5 22. Rb7 Rd7 23. c6 Rxb7 24. cxb7 f3 25. bxa8=Q+ Bf8 26. gxf3 Kg8 27. Qcc8 Qxd6 28. Qe6+ 1-0

[Event "*** Titled Tuesday Blitz"]
[Site "Chess.com"]
[Date "2020.12.29"]
[Round "5"]
[White "BelaKis"]
[Black "andrewtnb"]
[Result "0-1"]
[WhiteElo "2139"]
[BlackElo "2357"]
[TimeControl "180+1"]
[EndTime "10:52:31 PST"]
[Termination "andrewtnb won on time"]

1. Nf3 d5 2. g3 c6 3. Bg2 Bg4 4. h3 Bh5 5. O-O Nd7 6. d3 e5 7.
Nbd2 f6 8. a3 Bd6 9. c4 Ne7 10.
b4 Bf7 11. Qc2 Be6 12. Bb2 O-O 13. cxd5 cxd5 14. Rfc1 a5 15. Nb3 axb4 16. axb4 Bxb4 17. Qc7 Rxa1 18. Bxa1 Qa8 0-1

[Event "*** Titled Tuesday Blitz"]
[Site "Chess.com"]
[Date "2020.12.29"]
[Round "5"]
[White "Matveev_Vladimir"]
[Black "Chessdreamer2020"]
[Result "1-0"]
[WhiteElo "2704"]
[BlackElo "2488"]
[TimeControl "180+1"]
[EndTime "10:52:35 PST"]
[Termination "Matveev_Vladimir won by resignation"]

1. d4 d6 2. c4 e5 3. Nf3 e4 4. Nfd2 f5 5. Nc3 Nf6 6. Nb3 g6 7. Bg5 Bg7 8. e3 O-O 9. Be2 h6 10. Bxf6 Qxf6 11. g3 c6 12. h4 Be6 13. c5 Rd8 14. cxd6 Rxd6 15. Nc5 b6 16. Nxe6 Qxe6 17. Qb3 Qxb3 18. axb3 b5 19. b4 Bf8 20. g4 Rd7 21. h5 Bxb4 22. hxg6 f4 23. Rxh6 f3 24. Bf1 a5 25. g5 a4 26. Bh3 Re7 27. Kd2 Na6 28. Rh1 Nc7 29. Bf5 1-0

[Event "*** Titled Tuesday Blitz"]
[Site "Chess.com"]
[Date "2020.12.29"]
[Round "5"]
[White "MrTattaglia"]
[Black "Ermito2020"]
[Result "0-1"]
[WhiteElo "2942"]
[BlackElo "2652"]
[TimeControl "180+1"]
[EndTime "10:52:36 PST"]
[Termination "Ermito2020 won by resignation"]

1. g3 Nf6 2. Bg2 g6 3. c4 Bg7 4. Nc3 d6 5. d3 e5 6. Bg5 h6 7. Bxf6 Bxf6 8. Nf3 Bg7 9. Nd2 c6 10. O-O O-O 11. Rb1 a5 12. a3 Be6 13. b4 axb4 14. axb4 e4 15. Qc2 exd3 16. Qxd3 Nd7 17. Qc2 Ne5 18.
Qb3 b5 19. Qc2 Nxc4 20. Nxc4 Bxc4 21. Rfd1 d5 22. e4 Ra3 23. Ne2 Ra2 0-1

[Event "*** Titled Tuesday Blitz"]
[Site "Chess.com"]
[Date "2020.12.29"]
[Round "5"]
[White "Godzillator"]
[Black "Itk04"]
[Result "1-0"]
[WhiteElo "2330"]
[BlackElo "2465"]
[TimeControl "180+1"]
[EndTime "10:52:36 PST"]
[Termination "Godzillator won by resignation"]

1. d4 Nf6 2. c4 e6 3. Nc3 d5 4. cxd5 exd5 5. Bg5 c6 6. Qc2 Nbd7 7. e3 h6 8. Bh4 Bd6 9. Bd3 O-O 10. Nf3 Re8 11.
O-O Nf8 12. Rab1 Bg4 13. Bg3 a5 14. Nd2 Bh5 15. a3 Bg6 16. b4 axb4 17. axb4 b5 18. Bxd6 Qxd6 19. Nb3 Bxd3 20. Qxd3 N8d7 21. Nc5 Nb6 22.
Ra1 Nc4 23. Qf5 g6 24. Qh3 Kg7 25. Qg3 Qxg3 26. hxg3 Nd2 27. Rfc1 Nb3 28. Nxb3 Nd7 29. Rxa8 Rxa8 30. Ra1 Rxa1+ 31. Nxa1 Nb6 32. Nb3 f5 33. Na5 Kf6 34. Nxc6 Ke6 35. Na7 Nc4 36. Naxb5 Nd2 37.
Na3 Kd6 38. b5 Kc7 39. f3 Nb3 40. Kf2 g5 41. Ke2 h5 42. Kd3 Kb6 43. Nxd5+ Ka5 44.
Kc3 Nc1 45. b6 Ne2+ 46. Kd2 Nxg3 47. b7 1-0

[Event "*** Titled Tuesday Blitz"]
[Site "Chess.com"]
[Date "2020.12.29"]
[Round "5"]
[White "Europe03"]
[Black "r31415"]
[Result "0-1"]
[WhiteElo "2316"]
[BlackElo "2502"]
[TimeControl "180+1"]
[EndTime "10:52:39 PST"]
[Termination "r31415 won by resignation"]

1. Nf3 d5 2. g3 Bg4 3. Bg2 Nd7 4. d4 Ngf6 5. O-O e6 6. c4 c6 7. cxd5 cxd5 8. Nc3 Bd6 9. b3 O-O 10. Nb5 Be7 11.
Bf4 a6 12. Nc3 Qa5 13. Bd2 Bb4 14. Na4 Bxd2 15. Nxd2 b5 16. Nc5 Nxc5 17. dxc5 Rac8 18. a3 b4 19. axb4 Qxb4 20. Rxa6 Rxc5 21. Nf3 Rb8 22. Ne5 Qb5 23. Ra7 Bxe2 0-1

[Event "*** Titled Tuesday Blitz"]
[Site "Chess.com"]
[Date "2020.12.29"]
[Round "5"]
[White "chescomhuynya"]
[Black "TengisChess"]
[Result "1-0"]
[WhiteElo "2590"]
[BlackElo "2410"]
[TimeControl "180+1"]
[EndTime "10:52:41 PST"]
[Termination "chescomhuynya won by resignation"]

1. d4 d5 2. c4 c6 3. Nf3 Nf6 4. g3 g6 5. Bg2 Bg7 6. O-O O-O 7. Qb3 e6 8. Nc3 Nbd7 9. Bf4 Nb6 10. Ne5 Nh5 11. Rfd1 Nxf4 12. gxf4 Bxe5 13. dxe5 Nxc4 14.
e4 Qh4 15. exd5 exd5 16. Ne2 Bg4 17. f3 Bh3 18. Qc3 Bxg2 19. Kxg2 Rad8 20. b3 Nb6 21. a4 Rfe8 22. a5 Nd7 23. a6 bxa6 24. Rxa6 f6 25.
Qxc6 fxe5 26. Qxd5+ Kh8 27. Rd6 exf4 28. Ng1 Re5 29.
Qd4 Qg5+ 30. Kh1 Rc8 31. Rxd7 Rc2 32. Rd2 Rc1 33. Rg2 Qf5 34. Re7 Re1 35. Qd8+ 1-0

[Event "*** Titled Tuesday Blitz"]
[Site "Chess.com"]
[Date "2020.12.29"]
[Round "5"]
[White "EdmundPlayer"]
[Black "gatocorbis"]
[Result "1-0"]
[WhiteElo "2207"]
[BlackElo "2044"]
[TimeControl "180+1"]
[EndTime "10:52:44 PST"]
[Termination "EdmundPlayer won by resignation"]

1. e4 c5 2. Nf3 d6 3. d4 cxd4 4. Nxd4 Nf6 5. Nc3 g6 6. Be3 Bg7 7. f3 O-O 8. Qd2 Nc6 9. O-O-O Bd7 10. Kb1 Rc8 11. h4 Ne5 12. g4 Qa5 13. Nd5 Qxd2 14. Nxe7+ Kh8 15. Rxd2 Rce8 16. g5 Rxe7 17. gxf6 Bxf6 18.
h5 Kg8 19. Be2 a6 20. Nb3 Bc6 21. Rxd6 Bg7 22. h6 Bh8 23. Bc5 Nd7 24. Rxc6 1-0

[Event "*** Titled Tuesday Blitz"]
[Site "Chess.com"]
[Date "2020.12.29"]
[Round "5"]
[White "szachuspl"]
[Black "AdarshIsMe"]
[Result "1-0"]
[WhiteElo "2479"]
[BlackElo "2199"]
[TimeControl "180+1"]
[EndTime "10:52:47 PST"]
[Termination "szachuspl won by resignation"]

1. d4 Nf6 2. c4 e6 3. Nf3 Bb4+ 4. Nbd2 O-O 5. a3 Bxd2+ 6. Qxd2 d6 7. g3 Nbd7 8. Bg2 e5 9. O-O e4 10. Ne1 Re8 11. b3 Nf8 12. Nc2 Bf5 13. Ne3 Bg6 14. Bb2 Qd7 15. h3 c6 16. d5 Rad8 17. dxc6 bxc6 18. Rfd1 Ne6 19. b4 Ng5 20. Kh2 Qe7 21.
Qc3 h5 22. h4 Ne6 23. Bh3 Qc7 24. Rac1 Rd7 25. b5 cxb5 26. cxb5 Qxc3 27. Bxc3 Rc8 28.
Bxf6 Rxc1 29. Rxc1 gxf6 30. Nd5 Kg7 31. e3 f5 32. Rc8 Nc5 33. Bf1 f6 34. Be2 Bf7 35. Nf4 Kh6 36. Kg2 d5 37. Rxc5 d4 38. exd4 1-0

[Event "*** Titled Tuesday Blitz"]
[Site "Chess.com"]
[Date "2020.12.29"]
[Round "5"]
[White "TokChess"]
[Black "BobbySteen89"]
[Result "1-0"]
[WhiteElo "2474"]
[BlackElo "2117"]
[TimeControl "180+1"]
[EndTime "10:52:49 PST"]
[Termination "TokChess won by resignation"]

1. e4 c5 2. Nf3 d6 3. d3 Nf6 4.
Nbd2 Nc6 5. g3 e6 6. Bg2 Be7 7. O-O O-O 8. Re1 Bd7 9. c3 d5 10. e5 Ne8 11. Nf1 f5 12. exf6 Bxf6 13. Ne3 Nd6 14.
Ng4 Qc7 15. Bf4 h5 16. Nxf6+ Rxf6 17. Ne5 Rxf4 18. gxf4 Nf5 19. Qxh5 Be8 20. Qg5 d4 21. c4 Nb4 22. Re2 a5 23. a3 Nc6 24. Rae1 Nd8 25. Bh3 Nd6 26. Ng4 Nf5 27. Nf6+ Kf8 28. Bxf5 1-0

[Event "*** Titled Tuesday Blitz"]
[Site "Chess.com"]
[Date "2020.12.29"]
[Round "5"]
[White "KyrgyzFighter"]
[Black "nubair1198"]
[Result "0-1"]
[WhiteElo "2383"]
[BlackElo "2728"]
[TimeControl "180+1"]
[EndTime "10:52:50 PST"]
[Termination "nubair1198 won by checkmate"]

1. c4 c6 2. Nc3 d5 3. d4 dxc4 4. e4 b5 5. a4 b4 6. Na2 Nf6 7. Bxc4 Nxe4 8. Nxb4 e5 9. Qf3 Bxb4+ 10. Kf1 Nd6 11. Bb3 exd4 12. Ne2 Ba6 13. Bf4 d3 14. Nc3 O-O 15. Kg1 Qf6 16. h3 Nd7 17.
Qg3 Bxc3 18. bxc3 Ne4 19. Qe3 Qxc3 20. Rb1 Ndc5 21. Kh2 Rfe8 22. Ba2 d2 23. f3 Qxe3 24. Bxe3 Nc3 25. Bxc5 Nxa2 26. Bd4 Rad8 27. Bb2 Be2 28. Ra1 Nb4 29. Rhd1 Bxd1 30. Rxd1 Re1 31. Rxd2 Rxd2 32. Bc3 Ree2 33. Bxd2 Rxd2 34. a5 Nd5 35. a6 c5 36. Kg3 c4 37. f4 Nf6 38. f5 c3 39. Kf4 c2 40. g4 c1=Q 41. g5 Rf2+ 42. Ke5 Qc5# 0-1

[Event "*** Titled Tuesday Blitz"]
[Site "Chess.com"]
[Date "2020.12.29"]
[Round "5"]
[White "Alekseyviktorovich"]
[Black "DarZay"]
[Result "1-0"]
[WhiteElo "2315"]
[BlackElo "2103"]
[TimeControl "180+1"]
[EndTime "10:52:51 PST"]
[Termination "Alekseyviktorovich won by resignation"]

1. e4 c5 2. Nf3 d6 3. d4 cxd4 4. Nxd4 Nf6 5. Nc3 Nc6 6. Nxc6 bxc6 7. e5 dxe5 8. Qxd8+ Kxd8 9. Bc4 e6 10. Bg5 Bb4 11.
O-O-O+ Kc7 12. Na4 Nd5 13. a3 Bd6 14. Be2 f6 15. Bd2 Bd7 16. c4 c5 17. Ba5+ Kb7 18. cxd5 Bxa4 19. dxe6 Bxd1 20. Rxd1 Rad8 21. Bf3+ Ka6 22.
Bxd8 Rxd8 23. Bc6 Be7 24. Bd7 Kb6 25. Kc2 c4 26. Kc3 Kc5 27. Re1 a5 28. Re4 Kd6 29. Rxc4 Rb8 30. b4 axb4+ 31. axb4 Kd5 32. f3 Ra8 33.
Bc6+ Kd6 34. Bxa8 Kxe6 1-0

[Event "*** Titled Tuesday Blitz"]
[Site "Chess.com"]
[Date "2020.12.29"]
[Round "5"]
[White "amintabatabaei"]
[Black "elextranjero00"]
[Result "1-0"]
[WhiteElo "2906"]
[BlackElo "2618"]
[TimeControl "180+1"]
[EndTime "10:52:53 PST"]
[Termination "amintabatabaei won by resignation"]

1. d4 Nf6 2. Nf3 e6 3. Bf4 d5 4. e3 Bd6 5. Nbd2 O-O 6. c3 b6 7. Ne5 c5 8. h4 Ba6 9. Bxa6 Nxa6 10. h5 Qc7 11. Qf3 Nb8 12. h6 g6 13. O-O-O Nfd7 14.
e4 Nxe5 15. dxe5 Bxe5 16. Bxe5 Qxe5 17. exd5 exd5 18. Nc4 Qg5+ 19. Ne3 Rd8 20. Kb1 Nc6 21. Nxd5 Rd6 22. Rhe1 Rad8 23. Nf6+ 1-0

[Event "*** Titled Tuesday Blitz"]
[Site "Chess.com"]
[Date "2020.12.29"]
[Round "5"]
[White "Agoking701"]
[Black "Babujj"]
[Result "0-1"]
[WhiteElo "2352"]
[BlackElo "2537"]
[TimeControl "180+1"]
[EndTime "10:52:54 PST"]
[Termination "Babujj won by checkmate"]

1. e4 c5 2. Nf3 d6 3. c3 Nf6 4. Be2 Nc6 5. d4 cxd4 6. cxd4 e6 7. Nc3 Be7 8. O-O O-O 9. Bg5 h6 10. Bh4 e5 11. d5 Nb8 12. Nd2 Nxd5 13. Nxd5 Bxh4 14.
Nc4 Nc6 15. Rc1 Nd4 16. Bg4 Bg5 17. Rc3 Be6 18. f4 Bxd5 19. exd5 Bf6 20. f5 Rc8 21. Bf3 b5 22. Ne3 Bg5 23. Nc2 Rxc3 24. bxc3 Nxc2 25. Qxc2 Qb6+ 26. Kh1 Rc8 27. Be4 Qc5 28. f6 Bxf6 29. Qe2 Qc4 30. Qg4 Qxf1# 0-1

[Event "*** Titled Tuesday Blitz"]
[Site "Chess.com"]
[Date "2020.12.29"]
[Round "5"]
[White "Ariadna_Atreides"]
[Black "MasterMK73"]
[Result "0-1"]
[WhiteElo "2069"]
[BlackElo "2252"]
[TimeControl "180+1"]
[EndTime "10:52:54 PST"]
[Termination "MasterMK73 won by resignation"]

1. d4 d5 2. Nf3 e6 3. e3 Nf6 4. Bd3 c5 5. O-O Nc6 6. b3 Bd6 7. Bb2 Qe7 8. dxc5 Bxc5 9. Ne5 Nxe5 10. Bxe5 Bd6 11. Bb2 e5 12. Bb5+ Bd7 13. Bxd7+ Qxd7 14. c4 dxc4 15. bxc4 O-O 16. c5 Bxc5 17. Qxd7 Nxd7 18.
Rd1 Rad8 19. Nc3 f6 20. Ne4 Be7 21. Kf1 Nb6 22. Rac1 Nd5 23. Nc5 Bxc5 24. Rxc5 Nb6 25. Rxd8 Rxd8 26. Rc7 Rd7 27. Rc2 Kf7 28. Ke2 Nd5 29.
Ba3 Ke6 30. Rc8 Nc7 31. Re8+ Nxe8 0-1

[Event "*** Titled Tuesday Blitz"]
[Site "Chess.com"]
[Date "2020.12.29"]
[Round "5"]
[White "Shepherdboy"]
[Black "NateSolon"]
[Result "1-0"]
[WhiteElo "2342"]
[BlackElo "2493"]
[TimeControl "180+1"]
[EndTime "10:52:57 PST"]
[Termination "Shepherdboy won by resignation"]

1. Nf3 d5 2. d4 Nf6 3. c3 e6 4. Bf4 c5 5. e3 Bd6 6. Bxd6 Qxd6 7. Nbd2 Nc6 8. Bd3 O-O 9. O-O e5 10. dxe5 Nxe5 11. Nxe5 Qxe5 12. Qc2 Re8 13. c4 b6 14.
cxd5 Qxd5 15. Rad1 Bb7 16. f3 Qg5 17. e4 Nh5 18. Nc4 Rad8 19. Rfe1 Nf4 20. Bf1 Ba6 21.
g3 Ne6 22. Nd6 Bxf1 23. Rxf1 Rf8 24. Nf5 g6 25. f4 Qg4 26. Nh6+ 1-0

[Event "*** Titled Tuesday Blitz"]
[Site "Chess.com"]
[Date "2020.12.29"]
[Round "5"]
[White "bocah_sakit"]
[Black "GigaQuparadze"]
[Result "1-0"]
[WhiteElo "2834"]
[BlackElo "2888"]
[TimeControl "180+1"]
[EndTime "10:52:59 PST"]
[Termination "bocah_sakit won by resignation"]

1. e4 c5 2. Nf3 e6 3. d4 cxd4 4. Nxd4 a6 5. Bd3 Nf6 6. O-O Qc7 7. Qe2 d6 8. Nc3 g6 9. f4 Nbd7 10. Kh1 Bg7 11. f5 Ne5 12. fxe6 fxe6 13. Bh6 Bxh6 14. Rxf6 Qe7 15. Raf1 Bg7 16. R6f2 Bd7 17. Nb3 Nc6 18. Qe3 Be5 19. g3 Bxc3 20. bxc3 Ne5 21. Qb6 Bc6 22. Nd4 Rc8 23. Rf6 Nd7 24. Nxc6 bxc6 25. Qb7 Qd8 26. Rxe6+ 1-0